 Dungeon Crawl Stone Soup version 0.25.1-9-gc5326a611f (webtiles) character file.

Game seed: 10168240631734740141

179 eliilek the Agent of Entropy (level 5, 0/42 HPs)
             Began as a Demonspawn Abyssal Knight on Dec 23, 2020.
             Was a Priest of Lugonu.
             Slain by a gnoll
             ... wielding a +0 halberd
              (8 damage)
             ... on level 3 of the Dungeon.
             The game lasted 00:04:19 (2530 turns).

eliilek the Agent of Entropy (DsAK)                 Turns: 2530, Time: 00:04:21

Health: 0/42       AC:  7    Str: 14    XL:     5   Next: 33%
Magic:  8/8        EV:  9    Int: 13    God:    Lugonu [***...]
Gold:   85         SH:  0    Dex: 12    Spells: 4/4 levels left

rFire    . . .     SeeInvis .   a - +1 hand axe
rCold    + . .     Gourm    .   (no shield)
rNeg     . . .     Faith    .   n - +0 scale mail
rPois    .         Spirit   .   (helmet restricted)
rElec    .         Reflect  .   (no cloak)
rCorr    +         Harm     .   (no gloves)
MR       .....                  o - +0 pair of boots
Stlth    ..........             (no amulet)
HPRegen  0.14/turn              e - ring of resist corrosion
MPRegen  0.11/turn              r - ring of protection from cold

@: drained
A: horns 1, spiny 1, sturdy frame 1
a: Depart the Abyss, Bend Space, Banish, Renounce Religion


You were on level 3 of the Dungeon.
You worshipped Lugonu.
Lugonu was most pleased with you.
You were not hungry.

You visited 1 branch of the dungeon, and saw 3 of its levels.
You visited the Abyss 1 time.

You collected 85 gold pieces.

Inventory:

Hand Weapons
 a - a +1 hand axe (weapon)
Missiles
 i - 110 stones (quivered)
Armour
 n - a +0 scale mail (worn)
 o - a +0 pair of boots (worn)
Jewellery
 e - a ring of resist corrosion (left hand)
 r - a ring of protection from cold (right hand)
Wands
 f - a wand of digging (4)
Scrolls
 b - a scroll of immolation {unknown}
 d - 3 scrolls of teleportation {unknown}
 h - 2 scrolls of identify {unknown}
 j - 2 scrolls of remove curse {unknown}
 k - 2 scrolls of amnesia {unknown}
 m - a scroll of enchant armour {unknown}
Potions
 g - 3 potions of curing {unknown}
 l - 2 potions of might {unknown}
 q - a potion of stabbing {unknown}
Comestibles
 c - 4 rations
 p - 3 chunks of flesh


   Skills:
 + Level 3.6(2.7) Fighting
 * Level 3.2(2.2) Axes
 + Level 2.5(1.6) Armour
 - Level 0.8(0.0) Dodging
 * Level 4.6(3.6) Invocations


You had 4 spell levels left.
You didn't know any spells.
Your spell library was empty.

Dungeon Overview and Level Annotations

Branches:
Dungeon (3/15)

Altars:


Innate Abilities, Weirdness & Mutations

You have a pair of small horns on your head.
You are partially covered in sharp spines.
Your movements are slightly less encumbered by armour. (ER -2)


Message History

A gnoll comes into view. It is wielding a +0 halberd.
A leopard gecko comes into view.
The gnoll is struck by your spines.
The gnoll hits you with a +1 flail of draining.
You feel drained.
* * * LOW HITPOINT WARNING * * *
The gnoll shouts!
The leopard gecko hisses angrily.
You slash the gnoll!
The gnoll is almost dead.
An orc comes into view.
The gnoll hits you but does no damage.
You feel drained.
You completely miss the gnoll. Your headbutt misses the gnoll.
The gnoll is almost dead.
You hit the gnoll but do no damage.
The gnoll is almost dead.
The gnoll hits you with a +1 flail of draining.
* * * LOW HITPOINT WARNING * * *
You feel drained.
The gnoll hits you from afar with a +0 halberd!
You die...

.. .!.. ###.#######
......... +?.........
.....#... ###.######.
.....#..########.######.
......................#.
......................#.
......(...............#.
......................#.
......)@..............#.
......gg...$..........#.
.....g..................
....g............รท....##
..l...................##
...o..................##
........................
........$...............
...........<.....


You could see 4 gnolls, an orc and a leopard gecko.

Vanquished Creatures
  A hound (D:3)
  3 gnolls (D:3)
  4 adders
  An ooze (D:1)
  4 worms (D:2)
  3 dart slugs
  2 leopard geckos (D:2)
  An orc (D:3)
  A ball python (D:1)
  5 giant cockroaches
  4 goblins
  17 hobgoblins
  2 quokkas (D:2)
  A bat (D:2)
  2 frilled lizards
  4 kobolds
  5 rats
60 creatures vanquished.

Notes
Turn   | Place    | Note
-------+----------+-------------------------------------------
     0 | Abyss:1  | eliilek the Demonspawn Abyssal Knight began the quest for
                  | the Orb.
     0 | Abyss:1  | Reached XP level 1. HP: 18/18 MP: 2/2
    25 | D:1      | Escaped the Abyss
   314 | D:1      | You fall into a shaft and drop 1 floor!
   322 | D:2      | Gained mutation: You are partially covered in sharp spines.
                  | [demonic ancestry]
   322 | D:2      | Reached XP level 2. HP: 24/24 MP: 4/4
   388 | D:1      | Reached skill level 3 in Invocations
   698 | D:1      | Reached ** piety under Lugonu
   822 | D:1      | Gained mutation: Your movements are slightly less
                  | encumbered by armour. (ER -2) [demonic ancestry]
   822 | D:1      | Reached XP level 3. HP: 29/29 MP: 5/5
  1485 | D:2      | Gained mutation: You have a pair of small horns on your
                  | head. [demonic ancestry]
  1485 | D:2      | Reached XP level 4. HP: 31/35 MP: 6/6
  2332 | D:3      | Reached skill level 4 in Invocations
  2442 | D:3      | Reached XP level 5. HP: 41/41 MP: 8/8
  2526 | D:3      | Reached *** piety under Lugonu
  2530 | D:3      | Slain by a gnoll

Illustrated notes

Levels and vault maps discovered:
D:1:      minmay_arrival_stone_box, layout_basic
D:2:      layout_loops_ring, serial_rivers, chequers_serial_rivers_micro_a,
          chequers_serial_rivers_micro_c, chequers_serial_rivers_micro_a,
          chequers_serial_rivers_micro_a, hangedman_feature_mirror,
          minmay_misc_feat_rugged
D:3:      layout_basic

Skill      XL: |  1  2  3  4 |
---------------+-------------+-----
Axes           | 2 3 |  3.2
Invocations    | 3 4 |  4.6
Armour         | 2 |  2.5
Fighting       | |  3.6
Dodging        | |  0.8

Action                   |  1- 3 |  4- 6 || total
-------------------------+-------+-------++-------
Melee: Hand axe          |   112 |    60 ||   172
       Headbutt          |       |     8 ||     8
  Eat: Chunk             |     2 |     3 ||     5
Armor: Leather armour    |    12 |       ||    12
       Ring mail         |    11 |       ||    11
       Scale mail        |    12 |    17 ||    29
Dodge: Dodged            |    57 |    31 ||    88
